 Dungeon Crawl Stone Soup version 0.22-a0-567-gff9aefc (webtiles) character file.

788 lemonriz the Stinger (level 7, -10/57 HPs)
             Began as a Naga Venom Mage on June 29, 2018.
             Mangled by an ogre
             ... wielding a +0 giant club
              (20 damage)
             ... on level 5 of the Dungeon.
             The game lasted 00:13:29 (5743 turns).

lemonriz the Stinger (Naga Venom Mage)              Turns: 5743, Time: 00:13:29

Health: -10/57     AC:  3    Str: 10    XL:     7   Next: 87%
Magic:  5/12       EV: 10    Int: 17    God:
Gold:   268        SH:  4    Dex: 12    Spells: 3/13 levels left

rFire    + . .     SeeInvis +   r - +1 dagger (venom)
rCold    + . .     Gourm    .   a - +0 buckler
rNeg     . . .     Faith    .   u - +0 robe (curse)
rPois    +         Spirit   .   (no helmet)
rElec    .         Reflect  .   m - scarf {rC+ rF+}
rCorr    .         Harm     .   (no gloves)
MR       .....                  (no barding)
Stlth    ++........             q - amulet of rage
HPRegen  0.19/turn              (no ring)
MPRegen  0.13/turn              (no ring)

@: very slightly contaminated, very slow
A: large, see invisible, deformed body, poison resistance, slowness 2, slow
metabolism 1, spit poison 1, AC +2
a: Spit Poison, Evoke Berserk Rage


You were on level 5 of the Dungeon.
You were not hungry.

You visited 1 branch of the dungeon, and saw 5 of its levels.

You collected 268 gold pieces.

Inventory:

Hand Weapons
 r - a +1 dagger of venom (weapon)
Armour
 a - a +0 buckler (worn)
 m - a scarf of resistance (worn)
 u - a cursed +0 robe (worn)
Jewellery
 f - an uncursed amulet of faith
 q - an amulet of rage (around neck)
Scrolls
 d - a scroll of teleportation
 e - a scroll of enchant weapon {unknown}
 l - 2 scrolls of identify
 n - 2 scrolls of remove curse {unknown}
 p - a scroll of fog {unknown}
 t - 3 scrolls of immolation {unknown}
 v - a scroll of blinking {unknown}
Potions
 b - 2 potions of heal wounds {unknown}
 g - 5 potions of mutation {unknown}
 h - a potion of haste
 i - 2 potions of might {unknown}
 j - a potion of degeneration {unknown}
 k - 3 potions of curing {unknown}
 o - 2 potions of flight {unknown}
 s - 2 potions of lignification {unknown}
Comestibles
 c - 6 rations


   Skills:
 + Level 1.4 Fighting
 - Level 2.0 Dodging
 - Level 3.0 Stealth
 + Level 1.4 Shields
 + Level 3.8 Spellcasting
 * Level 5.0 Conjurations
 - Level 3.0 Air Magic
 - Level 6.0 Poison Magic


You had 3 spell levels left.
You knew the following spells:

 Your Spells              Type           Power        Failure   Level  Hunger
a - Sting                 Conj/Pois      ###.         1%          1    None
b - Poisonous Vapours     Pois/Air       ###...       4%          2    ##.....
c - Mephitic Cloud        Conj/Pois/Air  ###.....     9%          3    ###....
d - Olgreb's Toxic Radia  Pois           ###.....     16%         4    ####...

Your spell library contained the following spells:

 Spells                   Type           Power        Failure   Level  Hunger
 Venom Bolt               Conj/Pois      ###.......   50%         5    ######.


Dungeon Overview and Level Annotations

Branches:
Dungeon (5/15)
 Temple: D:4-7

Altars:
Hepliaklqana
Sif Muna
Xom

Annotations:
D:4 Menkaure


Innate Abilities, Weirdness & Mutations

You cannot wear boots.
Your serpentine skin is tough. (AC +2)
You have supernaturally acute eyesight. (SInv)
Armour fits poorly on your strangely shaped body.
Your system is resistant to poisons. (rPois)
You cover ground very slowly.
You have a slow metabolism.
You can spit poison.


Message History

Casting: Poisonous Vapours (safe; 4% risk of failure)
Confirm with . or Enter, or press ? or * to list all spells.
Aiming: Poisonous Vapours (safe; 4% risk of failure)
Press: ? - help, Dir - move target cursor, f/p - ogre
Aim: an ogre, wielding a giant club (heavily wounded, poisoned) Poisonous vapours surround the ogre!
The ogre is engulfed in poison gas.
The ogre looks even sicker.
The ogre hits you with a giant club!!
You see here 12 stones.
The ogre hits you with a giant club!!
* * * LOW HITPOINT WARNING * * *
Casting: Poisonous Vapours (safe; 4% risk of failure)
Confirm with . or Enter, or press ? or * to list all spells.
Aiming: Sting (safe; 1% risk of failure)
Press: ? - help, Shift-Dir - straight line, f/p - ogre
Aim: an ogre, wielding a giant club (almost dead, poisoned)
The sting hits the ogre.
The ogre looks even sicker.
The ogre is almost dead.
The ogre hits you with a giant club!!
You die...

#.....# #a# ###.....#
#.. #.'O....# #..
#.#.....# #..
#<##.#### ####..
##...# #..)).
#.####### #.###.
#..(..O.###########.#
#.
#######@............#
## #.#############
#.# ###


You could see an ogre.

Vanquished Creatures
  An ogre (D:4)
  A centaur (D:5)
  Blork the orc (D:4)
  A scorpion (D:5)
  A bullfrog zombie (D:5)
  2 orc priests (D:5)
  2 orc wizards
  Natasha (thrice) (D:3)
  4 worker ants
  A worker ant zombie (D:5)
  8 adders
  A shadow imp (D:5)
  An ooze (D:4)
  5 worms
  4 dart slugs
  2 leopard geckos
  16 orcs
  2 giant cockroaches
  5 goblins
  6 hobgoblins
  3 kobolds
  A quokka (D:2)
  2 ball pythons (D:3)
  4 bats
  2 frilled lizards
  3 rats
82 creatures vanquished.

Notes
Turn   | Place    | Note
-------+----------+-------------------------------------------
     0 | D:1      | lemonriz the Naga Venom Mage began the quest for the Orb.
     0 | D:1      | Reached XP level 1. HP: 15/15 MP: 3/3
   364 | D:1      | Reached XP level 2. HP: 5/22 MP: 1/5
   708 | D:1      | Learned a level 2 spell: Poisonous Vapours
  1239 | D:2      | Reached XP level 3. HP: 13/28 MP: 3/6
  1285 | D:2      | Learned a level 3 spell: Mephitic Cloud
  1307 | D:2      | Found a shimmering altar of Xom.
  1874 | D:2      | Reached XP level 4. HP: 20/36 MP: 2/7
  2520 | D:3      | Noticed Natasha
  2887 | D:3      | Reached skill level 1 in Air Magic
  2952 | D:3      | Killed Natasha
  2952 | D:3      | Reached XP level 5. HP: 42/42 MP: 3/9
  3038 | D:3      | Noticed Natasha
  3044 | D:3      | Killed Natasha
  3073 | D:3      | Noticed Natasha
  3083 | D:3      | Killed Natasha
  3083 | D:3      | Reached skill level 5 in Poison Magic
  3200 | D:3      | Found a hazy altar of Hepliaklqana.
  3361 | D:4      | Noticed an ogre
  3366 | D:4      | Killed an ogre
  3366 | D:4      | Reached XP level 6. HP: 49/49 MP: 1/10
  3650 | D:4      | Noticed an orc warrior
  3849 | D:4      | Learned a level 4 spell: Olgreb's Toxic Radiance
  3897 | D:4      | Noticed Blork the orc
  4012 | D:4      | Killed Blork the orc
  4018 | D:4      | Found a deep blue altar of Sif Muna.
  4119 | D:4      | Reached XP level 7. HP: 46/55 MP: 1/12
  4130 | D:4      | Noticed Menkaure
  4153 | D:5      | Entered Level 5 of the Dungeon
  4635 | D:5      | Reached skill level 1 in Shields
  4748 | D:5      | Reached skill level 1 in Fighting
  5398 | D:5      | Reached skill level 6 in Poison Magic
  5481 | D:5      | Reached skill level 5 in Conjurations
  5743 | D:5      | Mangled by an ogre

Vault maps used:
D:1:      lemuel_arrival_lava_pool, minmay_tetromino_l2
D:2:      serial_forest, infiniplex_forest_clump_cross,
          infiniplex_forest_corner_1, infiniplex_forest_straight_2,
          infiniplex_forest_corner_1, infiniplex_forest_clump_large,
          minmay_misc_feat_secret_circle, xom_teletrap_fun
D:3:      old_standard_altar, first_ration, uniq_natasha
D:4:      tgw_sif, kennysheep_mini, serial_shops, kennysheep_little_box,
          uniq_menkaure
D:5:      lemuel_crystal_altar, minivault_23

Skill      XL: |  1  2  3  4  5  6  7 |
---------------+----------------------+-----
Conjurations   | 2 3 4 5 |  5.0
Dodging        | 2 |  2.0
Air Magic      | 1 2 3 |  3.0
Poison Magic   | 5 6 |  6.0
Spellcasting   | 3 |  3.8
Shields        | 1 |  1.4
Fighting       | 1 |  1.4
Stealth        | |  3.0

Action                   |  1- 3 |  4- 6 |  7- 9 || total
-------------------------+-------+-------+-------++-------
Melee: Whip              |    17 |    29 |       ||    46
       Dagger            |       |    29 |    62 ||    91
 Cast: Sting             |    27 |    27 |    10 ||    64
       Poisonous Vapours |    17 |    42 |    26 ||    85
 Abil: Spit Poison       |       |     1 |       ||     1
  Use: Scroll            |     1 |     1 |     1 ||     3
       Potion            |     1 |       |     3 ||     4
  Eat: Chunk             |     3 |     8 |     2 ||    13
       Ration            |       |       |     2 ||     2
Armor: Robe              |     2 |    12 |     9 ||    23
Dodge: Dodged            |    20 |    37 |    31 ||    88
Block: Buckler           |       |     1 |    11 ||    12

Table legend:
 A = Spawn XP
 B = Non-spawn XP
 C = Spawn XP percentage of total XP
 D = Spawn monster count
 E = Non-spawn monster count
 F = Spawn count percentage of total count
 G = Total turns spent on level
                    A         B        C        D         E        F      G
               +---------+---------+-------+---------+---------+-------+---------
         Total |       0 |    1127 |   0.0 |       0 |      82 |   0.0 |  5743
               +---------+---------+-------+---------+---------+-------+---------
           D:1 |       0 |      13 |   0.0 |       0 |       7 |   0.0 |  1047
           D:2 |       0 |      81 |   0.0 |       0 |      20 |   0.0 |  1713
           D:3 |       0 |     173 |   0.0 |       0 |      22 |   0.0 |   601
           D:4 |       0 |     353 |   0.0 |       0 |      14 |   0.0 |  1216
           D:5 |       0 |     507 |   0.0 |       0 |      19 |   0.0 |  1166
               +---------+---------+-------+---------+---------+-------+---------
